General information
	        
			
        
        - name: 1V1 PRO OBS!
 
        - type: Custom game
 
        - host: Gobiner
 
        - saver: kunt.roII
 
        
map: SecretValley 
        - players: 9
 
        - length: 19:15
 
        - speed: Fast
 - version: 1.22 W3XP
 - replay type:  Public
 
» download(89 KB)
Players
        team 1 (winner) 
              
              
kunt.roII (
blue | 161 APM | 3097 actions | 19:15)
              
 5 Death Knight 
 3 Death Coil
 2 Unholy Aura
 5 Pandaren Brewmaster 
 3 Breath of Fire
 2 Drunken Haze
 1 Lich 
 1 Frost Nova
 
                » actions 
                
                | Assign group hotkey | 99 |  | 
| Basic commands | 58 |  | 
| Build / train | 69 |  | 
| ESC pressed | 4 |  | 
| Enter build submenu | 21 |  | 
| Enter hero's abilities submenu | 11 |  | 
| Give item / drop item | 1 |  | 
| Right click | 1336 |  | 
| Select / deselect | 328 |  | 
| Select group hotkey | 978 |  | 
| Use ability | 191 |  | 
                3097 total
 » units 
                
                | Acolyte | 15 |  | 
| Ghoul | 13 |  | 
| Obsidian Statue | 8 |  | 
| Gargoyle | 4 |  | 
| Abomination | 1 |  | 
                41 total
 » upgrades
                
                | Destroyer Form | 1 |  | 
| Ghoul Frenzy | 1 |  | 
                2 total
 » buildings
                
                | Crypt | 1 |  | 
| Altar of Darkness | 1 |  | 
| Ziggurat | 8 |  | 
| Tomb of Relics | 1 |  | 
| Halls of the Dead | 5 |  | 
| Graveyard | 1 |  | 
| Black Citadel | 3 |  | 
| Slaughterhouse | 3 |  | 
| Necropolis | 1 |  | 
                24 total
 » build order
                00:06 Crypt
00:11 Altar of Darkness
00:24 Ziggurat
00:53 Tomb of Relics
01:31 Ziggurat
02:53 Halls of the Dead
02:54 Halls of the Dead
02:54 Halls of the Dead
04:05 Graveyard
04:53 Ziggurat
05:27 Black Citadel
05:28 Black Citadel
05:38 Slaughterhouse
05:41 Slaughterhouse
05:42 Slaughterhouse
06:02 Ziggurat
08:15 Ziggurat
13:05 Ziggurat
13:09 Ziggurat
13:28 Ziggurat
14:43 Necropolis
» items
                
                | Rod of Necromancy | 2 |  | 
| Orb of Corruption | 1 |  | 
                3 total
  
               team 2 (loser) 
              
              
» 
DunMessWithNoob (
red | 150 APM | 2884 actions | 19:14)
              
 4 Archmage 
 2 Summon Water Elemental
 2 Brilliance Aura
 1 Mountain King 
 1 Storm Bolt
 
                » actions 
                
                | Assign group hotkey | 122 |  | 
| Basic commands | 1 |  | 
| Build / train | 108 |  | 
| Enter build submenu | 48 |  | 
| Enter hero's abilities submenu | 5 |  | 
| Give item / drop item | 3 |  | 
| Remove unit from queue | 1 |  | 
| Right click | 1533 |  | 
| Select / deselect | 520 |  | 
| Select group hotkey | 430 |  | 
| Use ability | 113 |  | 
                2884 total
 » units 
                
                | Peasant | 39 |  | 
| Footman | 8 |  | 
| Rifleman | 9 |  | 
| Flying Machine | 8 |  | 
                64 total
 » upgrades
                
                | Masonry | 1 |  | 
| Lumber Harvesting | 1 |  | 
                2 total
 » buildings
                
                | Altar of Kings | 3 |  | 
| Farm | 12 |  | 
| Barracks | 2 |  | 
| Lumber Mill | 1 |  | 
| Scout Tower | 14 |  | 
| Town Hall | 1 |  | 
| Guard Tower | 12 |  | 
| Arcane Tower | 2 |  | 
| Arcane Vault | 2 |  | 
| Keep | 2 |  | 
| Blacksmith | 2 |  | 
| Workshop | 1 |  | 
                54 total
 » build order
                00:03 Altar of Kings
00:05 Altar of Kings
00:09 Farm
00:13 Farm
00:14 Barracks
00:55 Farm
01:34 Farm
02:51 Lumber Mill
03:34 Scout Tower
04:23 Town Hall
05:39 Scout Tower
05:47 Guard Tower
05:59 Scout Tower
06:19 Scout Tower
06:24 Guard Tower
06:36 Arcane Tower
06:49 Scout Tower
06:56 Scout Tower
07:18 Guard Tower
07:19 Scout Tower
07:24 Scout Tower
08:05 Arcane Vault
08:07 Farm
08:25 Guard Tower
08:54 Arcane Tower
09:04 Keep
09:09 Farm
09:12 Farm
09:12 Guard Tower
09:33 Scout Tower
09:37 Blacksmith
09:43 Farm
09:46 Scout Tower
10:34 Guard Tower
10:43 Guard Tower
10:45 Scout Tower
10:50 Scout Tower
10:53 Farm
10:57 Scout Tower
11:14 Guard Tower
12:30 Keep
12:37 Scout Tower
12:38 Guard Tower
12:42 Blacksmith
13:07 Guard Tower
13:26 Guard Tower
13:31 Guard Tower
13:48 Barracks
14:40 Workshop
15:59 Farm
16:00 Farm
16:03 Farm
17:45 Arcane Vault
18:02 Altar of Kings
» items
                
                | Potion of Lesser Invulnerability | 2 |  | 
| Scroll of Healing | 1 |  | 
| Boots of Speed | 2 |  | 
| Scroll of Regeneration | 3 |  | 
| Potion of Healing | 5 |  | 
| Ivory Tower | 3 |  | 
| Scroll of Town Portal | 1 |  | 
| Lesser Clarity Potion | 1 |  | 
                18 total
  
               observersGobiner, 
Dakravel, 
ice-cube, 
LoW.BALLA, 
ZiroX, 
tknq, 
Blahsmack Chat log
          (00:57 / All) kunt.roII: Gl hF :)
(00:59 / All) kunt.roII: go easy  :)
(01:10 / All) kunt.roII: Im a new player.. . 
(06:16 / All) kunt.roII: are u Noob